 Dungeon Crawl Stone Soup version 0.20-a0-269-g17f5411 (webtiles) character file.

6568 KristoblXynda the Nimble (level 10, -14/77 HPs)
             Began as a Grey Draconian Monk on Dec 8, 2016.
             Was an Elder of Nemelex Xobeh.
             Demolished by Urug
             ... wielding a +2 scimitar of electrocution
              (15 damage)
             ... on level 11 of the Dungeon.
             The game lasted 00:26:28 (10750 turns).

KristoblXynda the Nimble (Grey Draconian Monk)     Turns: 10750, Time: 00:26:29

Health: -14/77     AC: 18    Str: 16    XL:     10   Next: 70%
Magic:  14/14      EV: 18    Int: 15    God:    Nemelex Xobeh [****..]
Gold:   688        SH:  0    Dex: 14    Spells: 9/9 levels left

rFire  + . .     SeeInvis .     m - +5 whip of Ashenzari's Regard {flame, Fragile rPois rN+ Int+2}
rCold  + . .     Gourm    .     (armour unavailable)
rNeg   + . .     Faith    .     (no shield)
rPois  +         Spirit   .     o - +2 hat
rElec  .         Reflect  .     n - +0 cloak
rCorr  +         Harm     .     i - +1 pair of gloves
MR     .....                    l - +0 pair of boots
Stlth  ++........               (no amulet)
                                (no ring)
                                p - ring of resist corrosion

@: no status effects
A: walk through water, unfitting armour, cold resistance 1, fire resistance 1,
mutation resistance 1, strong 1, unbreathing, cold-blooded, AC +12
a: Triple Draw, Deal Four, Renounce Religion


You were on level 11 of the Dungeon.
You worshipped Nemelex Xobeh.
Nemelex Xobeh was greatly pleased with you.
You were not hungry.

You visited 2 branches of the dungeon, and saw 12 of its levels.
You also visited: Sewer.

You collected 688 gold pieces.

Inventory:

Hand Weapons
 m - the +5 whip of Ashenzari's Regard (weapon) {flame, Fragile rPois rN+ Int+2}
   (You found it on level 4 of the Dungeon)

   It has been specially enchanted to burn those struck by it, causing extra
   injury to most foes and up to half again as much damage against particularly
   susceptible opponents.
   It affects your intelligence (+2).
   It protects you from poison.
   It protects you from negative energy.
   It will be destroyed if unequipped.
Armour
 i - a +1 pair of gloves (worn)
 l - a +0 pair of boots (worn)
 n - a +0 cloak (worn)
 o - a +2 hat (worn)
Jewellery
 p - a ring of resist corrosion (left hand)
 y - an uncursed ring of flight
Wands
 B - a wand of paralysis (10/24)
 D - a wand of iceblast (8/15)
 G - a wand of iceblast (10/15)
Scrolls
 d - 3 scrolls of remove curse
 e - a scroll of immolation
 f - 2 scrolls of amnesia
 g - a scroll of enchant armour
 r - 3 scrolls of blinking
 s - 2 scrolls of recharging
 u - 2 scrolls of fear
 x - 2 scrolls of teleportation
Potions
 b - 5 potions of curing
 c - 4 potions of agility
 h - 2 potions of heal wounds
 j - a potion of might
 k - 4 potions of flight
 q - a potion of ambrosia
 C - a potion of resistance
 H - a potion of lignification {unknown}
Miscellaneous
 t - a legendary deck of escape
 w - a plain deck of escape
 z - a plain deck of destruction {drawn: 3}
 F - an ornate deck of destruction
Comestibles
 a - 4 bread rations
 v - 3 meat rations
 A - 13 fruits
 E - 7 slices of pizza
 I - a chunk of flesh


   Skills:
 - Level 3.2 Fighting
 + Level 9.0 Maces & Flails
 + Level 9.9 Dodging
 - Level 1.7 Stealth
 - Level 5.8 Unarmed Combat
 + Level 6.6 Invocations
 + Level 3.9 Evocations


You had 9 spell levels left.
You didn't know any spells.

Dungeon Overview and Level Annotations

Branches:
Dungeon (11/15)            Temple (1/1) D:6
   Lair: D:8-11         Orc: D:9-12

Altars:
Ashenzari
Cheibriados
Dithmenos
Elyvilon
Fedhas
Gozag
Hepliaklqana
Kikubaaqudgha
Makhleb
Nemelex Xobeh
Okawaru
Qazlal
Ru
Sif Muna
Trog
Uskayaw
Vehumet
Xom
Yredelemnul
Zin
The Shining One

Shops:
D:9 (   D:10 }

Annotations:
D:9 exclusion: ice statue
D:11 Urug


Innate Abilities, Weirdness & Mutations

You can walk through water.
Your dull iron-grey scales are very hard. (AC +12)
You cannot fit into any form of body armour.
You can survive without breathing.
You are cold-blooded and may be slowed by cold attacks.
Your flesh is cold resistant. (rC+)
Your flesh is heat resistant. (rF+)
You are somewhat resistant to further mutation.
Your muscles are strong. (Str +2)


Message History

You hit Urug. You burn Urug.
Urug is lightly wounded.
You hit Urug but do no damage. You tail-slap Urug, but do no damage.
Urug is lightly wounded.
Urug screams, "Damn your eyes!"
Urug hits you with a scimitar of electrocution!!
You are electrocuted!
* * * LOW HITPOINT WARNING * * *
You hit Urug but do no damage.
Urug is lightly wounded.
Urug hits you with a scimitar of electrocution.
* * * LOW HITPOINT WARNING * * *
You hit Urug but do no damage.
Urug is lightly wounded.
You feel much better.
Urug hits you with a scimitar of electrocution!
* * * LOW HITPOINT WARNING * * *
You are electrocuted!
You die...
Your body glows with a rainbow of weird colours and disappears.

.######.........".......# #
........##.######.....#...##
.#########.# #.....######
#.# #.....#....† #.#
#####....### #.# #........##
#.# #.^.#.....#
###(#####...##.......
#...@......# #.......
#...o......# #.......
#............# ##.....#
...#..........# .......
#.#######.#.#### ....... #
.#.# ....... .# . .# #.


You could see Urug.

Vanquished Creatures
  A hydra (D:10)
  A hill giant (D:10)
  The ghost of TotoDurand the Slasher, a novice VSFi of Makhleb (D:6)
  Prince Ribbit (D:6)
  2 dream sheep (D:10)
  A wyvern (D:9)
  2 yaks (D:10)
  Menkaure (D:4)
  A soldier ant (D:11)
  2 orc warriors
  An ice beast (D:9)
  9 ogres
  A phantom (D:9)
  3 sky beasts
  3 centaurs
  A crocodile (D:10)
  Blork the orc (D:6)
  4 big kobolds
  3 bullfrogs
  3 killer bees (D:9)
  2 howler monkeys
  2 crimson imps
  A bullfrog zombie (D:8)
  4 jellies
  A quasit (D:9)
  Crazy Yiuf (D:4)
  2 hounds
  7 orc priests
  An iron imp (D:9)
  2 iguanas
  7 worker ants
  8 orc wizards
  A killer bee zombie (D:8)
  Robin (D:4)
  5 adders
  7 gnolls
  A shadow imp (D:10)
  3 oozes
  An adder zombie (D:7)
  4 adder skeletons
  6 worms
  2 dart slugs
  3 leopard geckos
  32 orcs
  9 bats
  6 giant cockroaches
  9 goblins
  11 hobgoblins
  8 jackals
  2 quokkas
  4 ball pythons
  7 frilled lizards
  A jackal skeleton (D:8)
  21 kobolds
  A leopard gecko zombie (D:6)
  8 rats
233 creatures vanquished.

Vanquished Creatures (collateral kills)
  A centaur (D:10)
  2 crimson imps (D:10)
3 creatures vanquished.

Vanquished Creatures (others)
  A plant (D:10)
  3 withered plants (D:4)
4 creatures vanquished.

Grand Total: 240 creatures vanquished

Notes
Turn   | Place    | Note
-------+----------+-------------------------------------------
     0 | D:1      | KristoblXynda the Draconian Monk began the quest for the Orb.
     0 | D:1      | Reached XP level 1. HP: 19/19 MP: 1/1
   157 | D:1      | You fall through a shaft!
   191 | D:1      | Reached XP level 2. HP: 23/26 MP: 2/2
   883 | D:2      | Reached XP level 3. HP: 23/31 MP: 3/3
  1705 | D:2      | Reached XP level 4. HP: 29/38 MP: 4/4
  2183 | D:3      | Found a faded altar of an unknown god.
  2361 | D:3      | Reached XP level 5. HP: 9/45 MP: 5/5
  3434 | D:4      | Noticed Menkaure
  3450 | D:4      | Killed Menkaure
  3450 | D:4      | Reached skill level 5 in Unarmed Combat
  3450 | D:4      | Reached XP level 6. HP: 34/51 MP: 6/6
  3597 | D:4      | Found a glowing drain.
  3628 | Sewer    | Entered a sewer
  3783 | Sewer    | Reached skill level 5 in Dodging
  4016 | D:4      | Got a steaming whip
  4017 | D:4      | Identified the +5 whip of Ashenzari's Regard {flame, Fragile rPois rN+ Int+2} (You found it on level 4 of the Dungeon)
  4030 | D:4      | Found a runed door.
  4034 | D:4      | Noticed Crazy Yiuf
  4038 | D:4      | Killed Crazy Yiuf
  4173 | D:4      | Reached skill level 1 in Maces & Flails
  4173 | D:4      | Your scales start taking on a dull iron-grey colour.
  4173 | D:4      | Reached XP level 7. HP: 57/57 MP: 7/7
  4173 | D:4      | Gained mutation: You can survive without breathing. [Grey Draconian growth]
  4324 | D:4      | Noticed Robin
  4330 | D:4      | Killed Robin
  4345 | D:4      | Found an ancient bone altar of Kikubaaqudgha.
  4345 | D:4      | Found a blossoming altar of Fedhas.
  4687 | D:4      | Found a blossoming altar of Fedhas.
  4930 | D:5      | Entered Level 5 of the Dungeon
  4991 | D:5      | Gained mutation: Your flesh is heat resistant. (rF+) [mutagenic meat]
  4992 | D:5      | Gained mutation: You are somewhat resistant to further mutation. [mutagenic meat]
  5110 | D:5      | Reached XP level 8. HP: 59/63 MP: 8/8
  5433 | D:5      | Reached skill level 5 in Maces & Flails
  5702 | D:5      | Found a deep blue altar of Sif Muna.
  6026 | D:6      | Noticed TotoDurand's ghost (novice VSFi)
  6057 | D:6      | Killed TotoDurand's ghost
  6291 | D:6      | Reached XP level 9. HP: 70/70 MP: 9/9
  6343 | D:6      | Noticed Prince Ribbit
  6516 | D:6      | Found a staircase to the Ecumenical Temple.
  6521 | D:6      | Noticed Blork the orc
  6533 | D:6      | Killed Blork the orc
  6550 | Temple   | Entered the Ecumenical Temple
  6690 | Temple   | Became a worshipper of Nemelex Xobeh the Trickster
  6690 | Temple   | Received a gift from Nemelex Xobeh
  6690 | Temple   | Reached * piety under Nemelex Xobeh
  6690 | Temple   | Received a gift from Nemelex Xobeh
  6690 | Temple   | Reached ** piety under Nemelex Xobeh
  6933 | D:6      | Killed Prince Ribbit
  6933 | D:6      | Reached skill level 1 in Invocations
  8275 | D:8      | Reached *** piety under Nemelex Xobeh
  8521 | D:8      | Gained mutation: Your muscles are strong. (Str +2) [potion of beneficial mutation]
  8674 | D:9      | Gained mutation: Your flesh is cold resistant. (rC+) [potion of beneficial mutation]
  8678 | D:9      | Found Metiotzu's Antique Weapon Boutique.
  8702 | D:9      | Noticed an ice devil
  8702 | D:9      | Noticed an ice devil
  8702 | D:9      | Noticed an ice devil
  8703 | D:9      | Noticed an ice devil
  8703 | D:9      | Noticed an ice devil
  8704 | D:9      | Noticed an ice devil
  8706 | D:9      | Noticed an ice statue
  8739 | D:9      | Found a snail-covered altar of Cheibriados.
  8748 | D:9      | Received a gift from Nemelex Xobeh
  8881 | D:9      | Found a snail-covered altar of Cheibriados.
  9289 | D:10     | Entered Level 10 of the Dungeon
  9372 | D:10     | Found Laosotz's Gadget Emporium.
  9589 | D:10     | Reached **** piety under Nemelex Xobeh
  9605 | D:10     | Reached skill level 1 in Evocations
  9605 | D:10     | Reached XP level 10. HP: 71/77 MP: 13/13
  9610 | D:10     | Reached skill level 5 in Invocations
 10004 | D:10     | Noticed a two-headed hydra
 10018 | D:10     | Killed a two-headed hydra
 10187 | D:10     | Noticed a hill giant
 10201 | D:10     | Killed a hill giant
 10482 | D:10     | Received a gift from Nemelex Xobeh
 10739 | D:11     | Noticed Urug
 10750 | D:11     | HP: 1/77 [Urug/scimitar of electrocution (16)]
 10750 | D:11     | Demolished by Urug

Vault maps used:
D:1:      co_arrival_random_square_maze
D:2:      first_bread, minmay_crystal_water, kennysheep_generic_room_16
D:3:      chequers_ecumenical_altar_simple, kennysheep_generic_room_13
D:4:      grunt_temple_overflow_growth_and_decay, gup_sewer_entry_bubbles,
          roderic_st_hans_cross, fedhas_altar_fruit_tree,
          uniq_crazy_yiuf_cottage, uniq_menkaure, uniq_robin
D:5:      lemuel_blue_sif_altar, kennysheep_flooded_box, minmay_holes
D:6:      uniq_blork_the_orc, uniq_prince_ribbit1
D:7:      grunt_ministairs_7
D:9:      cheibrodos_frozen_isle, slow_altar_1, basic_altar, serial_shops, shop
D:10:     serial_shops, shop, hangedman_ranch
D:11:     lair_entry_dummy, orc_0_dummy, kennysheep_generic_room_9, uniq_urug
Temple:   minmay_crystal_spiral_temple
Sewer:    kennysheep_pipe_town

Skill      XL: |  1  2  3  4  5  6  7  8  9 10 |
---------------+-------------------------------+-----
Dodging        | 3 4 5 6 8 9 |  9.9
Unarmed Combat | 4 5 |  5.8
Maces & Flails | 1 4 6 8 9 |  9.0
Invocations    | 4 6 |  6.6
Evocations     | 1 3 |  3.9
Fighting       | |  3.2
Stealth        | |  1.7

Action                   |  1- 3 |  4- 6 |  7- 9 | 10-12 || total
-------------------------+-------+-------+-------+-------++-------
Melee: Unarmed           |   162 |   268 |       |       ||   430
       Punch             |     3 |     7 |    10 |     6 ||    26
       Tailslap          |    13 |    38 |    58 |    29 ||   138
       Whip              |       |     7 |   426 |   150 ||   583
Evoke: Deck              |       |       |     2 |     1 ||     3
  Use: Potion            |     2 |     2 |     5 |     1 ||    10
       Scroll            |     3 |    10 |     9 |     1 ||    23
 Stab: Sleeping          |     4 |     2 |     5 |       ||    11
       Distracted        |       |     1 |       |     1 ||     2
  Eat: Chunk             |     2 |     5 |    15 |     3 ||    25
       Bread ration      |       |     1 |       |       ||     1
       Fruit             |       |       |     5 |     1 ||     6
Armor: Skin              |    42 |    84 |   109 |    29 ||   264
Dodge: Dodged            |   118 |   195 |   282 |    74 ||   669
